 Dungeon Crawl Stone Soup version 0.25.1-9-gc5326a611f (webtiles) character file.

Game seed: 12510807136970048113

17422 tkbsonic5 the Spear-Bearer (level 12, -20/77 HPs)
             Began as a Tengu Monk on Nov 29, 2021.
             Was an Elder of the Shining One.
             Killed from afar by a rime drake (24 damage)
             ... with a flash freeze
             ... on level 4 of the Lair of Beasts.
             The game lasted 00:43:18 (12627 turns).

tkbsonic5 the Spear-Bearer (Tengu Monk)            Turns: 12627, Time: 00:43:19

Health: -20/77     AC: 20    Str: 19    XL:     12   Next: 47%
Magic:  14/15      EV: 11    Int: 11    God:    the Shining One [****..]
Gold:   299        SH:  0    Dex: 18    Spells: 11/11 levels left

rFire    . . .     SeeInvis .   d - +0 halberd (venom)
rCold    . . .     Gourm    .   (shield currently unavailable)
rNeg     + + .     Faith    .   A - +3 plate armour
rPois    .         Spirit   .   (helmet restricted)
rElec    .         Reflect  .   (no cloak)
rCorr    .         Harm     .   h - +0 pair of gloves
MR       +....                  (boots unavailable)
Stlth    ..........             L - amulet of regeneration
HPRegen  0.62/turn              T - +4 ring of slaying {Deus Vult}
MPRegen  0.14/turn              (no ring)

@: glowing
A: beak, talons 3, slimy green scales 1, magic resistance 1, strong 2, able to
fly
a: Fly, Divine Shield, Cleansing Flame, Renounce Religion


You were on level 4 of the Lair of Beasts.
You worshipped the Shining One.
The Shining One was greatly pleased with you.
You were not hungry.

You visited 3 branches of the dungeon, and saw 14 of its levels.

You collected 593 gold pieces.
You spent 294 gold pieces at shops.

Inventory:

Hand Weapons
 a - a +0 trident
 b - a +0 shortbow
 c - a +1 scythe
 d - a +0 halberd of venom (weapon)
 e - a -2 bardiche
 D - a -2 triple crossbow
 E - a -1 double sword
 F - a -3 executioner's axe
 G - a -2 quick blade
 I - a +3 long sword
 J - a cursed +2 long sword
 M - a +0 hand crossbow
 Q - a +0 dagger of freezing
Missiles
 g - 229 arrows
 m - 69 bolts
 r - 78 sling bullets
 K - 11 poisoned darts (quivered)
Armour
 h - a +0 pair of gloves (worn)
 k - a +0 robe
 A - a +3 plate armour (worn)
Jewellery
 B - an uncursed amulet of reflection
 L - an amulet of regeneration (around neck)
 R - an uncursed amulet of guardian spirit
 T - a +4 ring of slaying (left hand) {Deus Vult}
Wands
 i - a wand of digging (7)
 t - a wand of flame (36)
 v - a wand of disintegration (17)
Scrolls
 l - 8 scrolls of remove curse
 n - 4 scrolls of identify
 p - 5 scrolls of teleportation
 q - a scroll of random uselessness
 s - a scroll of vulnerability
 w - a scroll of blinking
 x - a scroll of fog
 y - 4 scrolls of amnesia
 H - a scroll of fear
 O - a scroll of silence
 P - a scroll of magic mapping
Potions
 f - 2 potions of lignification
 o - 3 potions of magic
 u - 2 potions of curing
 z - 3 potions of might
 N - 2 potions of haste
Comestibles
 j - 17 rations
 S - 3 chunks of flesh


   Skills:
 * Level 10.2 Fighting
 * Level 10.5 Polearms
 * Level 9.1 Bows
 - Level 5.8 Throwing
 + Level 8.2 Armour
 + Level 8.9 Dodging
 - Level 2.0 Stealth
 * Level 2.7 Invocations
 + Level 1.5 Evocations


You had 11 spell levels left.
You didn't know any spells.
Your spell library contained the following spells:

 Spells                   Type           Power        Failure   Level  Hunger
 Confusing Touch          Hex            #.......     100%        3    ####...
 Gell's Gravitas          Tloc           #.........   100%        3    ####...
 Petrify                  Tmut/Erth      #.......     100%        4    #####..
 Metabolic Englaciation   Hex/Ice        #.........   100%        5    ######.
 Yara's Violent Unravell  Hex/Tmut       #.........   100%        5    ######.


Dungeon Overview and Level Annotations

Branches:
Dungeon (10/15)            Temple (1/1) D:7            Lair (2/6) D:8
    Orc (0/2) D:9
  Swamp: Lair:2-4    Shoals: Lair:2-4     Snake: Lair:2-4    Spider: Lair:2-4

Altars:
Ashenzari
Cheibriados
Dithmenos
Elyvilon
Fedhas
Gozag
Hepliaklqana
Kikubaaqudgha
Makhleb
Nemelex Xobeh
Okawaru
Qazlal
Ru
Sif Muna
Trog
Uskayaw
Vehumet
Wu Jian
Xom
Yredelemnul
Zin
The Shining One

Shops:
D:8 **

Annotations:
D:5 3 runed translucent doors, waltergilman's ghost, novice HOFi
D:8 6 runed translucent doors, hehateme's ghost, novice GnFi


Innate Abilities, Weirdness & Mutations

You have a beak for a mouth.
You have claws for feet.
You can fly continuously.
You are partially covered in slimy green scales. (AC +2)
You are resistant to hostile enchantments. (MR+)
Your muscles are very strong. (Str +4)


Message History

You see here a rime drake corpse.
You impale the steam dragon!!
The steam dragon looks as sick as possible!
You claw the steam dragon. You peck the steam dragon.
The steam dragon is severely wounded.
You are engulfed in a cloud of scalding steam.
The Shining One protects you from harm!
You hear an angry hiss.
Okay, then.
You fail to use your ability.
You are engulfed in a cloud of scalding steam.
The steam dragon barely misses you. x2
The rime drake bites you but does no damage.
Okay, then.
Your plate armour prevents you from hitting the steam dragon.
The steam dragon is almost dead.
You are engulfed in a cloud of scalding steam.
The rime drake breathes ice at you. The flash freeze hits you!!
You die...

k... ...# ...#
.≈.# ...#
##########...#
.......§@D..#
#.##.##.#k†.#
##.#####..#P#
.
.......§..###
..
.......§...#
.............#
............#
#..####...##
#.#.#....##


You could see a rime drake (catching breath) and a steam dragon (extremely
poisoned, catching breath).

Vanquished Creatures
  2 two-headed ogres
  A deep elf mage (D:6)
  Joseph (D:7)
  2 spiny frogs
  3 rime drakes
  2 komodo dragons (Lair:1)
  Prince Ribbit (D:9)
  4 blink frogs (Lair:1)
  3 hippogriffs
  Sigmund (D:3)
  A shadow (D:8)
  A wraith (D:8)
  3 hogs (D:7)
  17 yaks
  Grum (D:9)
  2 basilisks (Lair:1)
  A human (D:7)
  2 hungry ghosts
  2 steam dragons (Lair:4)
  4 water moccasins
  3 porcupines
  4 sky beasts
  An orc warrior (D:10)
  5 ice beasts
  2 black bears
  5 phantoms
  3 necrophages
  An eye of draining (D:10)
  4 ogres
  2 centaurs
  10 wolves
  2 crocodiles
  A big kobold (D:8)
  6 bullfrogs
  A gnoll sergeant (D:7)
  A wyvern zombie (D:8)
  A water moccasin zombie (D:6)
  A wyvern skeleton (D:8)
  5 scorpions
  12 wights (D:8)
  6 howler monkeys
  An electric eel (D:10)
  6 crimson imps
  3 centaur zombies
  A bullfrog zombie (D:6)
  2 quasits
  3 jellies
  A centaur skeleton (D:8)
  10 hounds
  4 orc priests
  8 orc wizards
  A bullfrog skeleton (D:10)
  Jessica (D:2)
  A gnoll shaman (D:10)
  5 iguanas
  8 worker ants
  2 hound skeletons
  A hound zombie (D:6)
  A mummy (D:8)
  19 adders
  6 gnolls
  A shadow imp (D:5)
  3 oozes
  3 adder skeletons
  2 worms (D:6)
  3 dart slugs
  4 leopard geckos
  25 orcs
  7 giant cockroaches
  10 goblins
  7 hobgoblins
  18 jackals
  18 kobolds
  4 quokkas
  3 ball pythons
  5 bats
  4 frilled lizards
  A jackal zombie (D:7)
  2 leopard gecko skeletons (D:4)
  A quokka zombie (D:8)
  5 rats
340 creatures vanquished.

Vanquished Creatures (others)
  10 fungi
  9 plants
19 creatures vanquished.

Grand Total: 359 creatures vanquished

Notes
Turn   | Place    | Note
-------+----------+-------------------------------------------
     0 | D:1      | tkbsonic5 the Tengu Monk began the quest for the Orb.
     0 | D:1      | Reached XP level 1. HP: 14/14 MP: 2/2
   170 | D:1      | Reached XP level 2. HP: 19/19 MP: 3/3
   215 | D:1      | Reached skill level 1 in Throwing
   427 | D:1      | Reached XP level 3. HP: 23/23 MP: 4/4
   683 | D:2      | Gained mutation: Your muscles are strong. (Str +2) [potion
                  | of mutation]
   683 | D:2      | Gained mutation: You are resistant to hostile enchantments.
                  | (MR+) [potion of mutation]
   683 | D:2      | Gained mutation: Your muscles are very strong. (Str +4)
                  | [potion of mutation]
   683 | D:2      | Gained mutation: You are partially covered in slimy green
                  | scales. (AC +2) [potion of mutation]
   858 | D:2      | Noticed Jessica
   863 | D:2      | Killed Jessica
   863 | D:2      | Reached skill level 1 in Armour
   863 | D:2      | Reached XP level 4. HP: 23/28 MP: 5/5
  1226 | D:2      | Gained mutation: You can fly continuously. [Tengu growth]
  1226 | D:2      | Reached XP level 5. HP: 26/33 MP: 6/6
  1783 | D:3      | Noticed Sigmund
  1800 | D:3      | Killed Sigmund
  1800 | D:3      | Reached XP level 6. HP: 37/38 MP: 7/7
  2202 | D:4      | Reached XP level 7. HP: 39/44 MP: 8/8
  2397 | D:4      | Reached skill level 5 in Dodging
  2701 | D:4      | Reached skill level 5 in Fighting
  3225 | D:5      | Entered Level 5 of the Dungeon
  3324 | D:3      | Reached XP level 8. HP: 15/49 MP: 9/9
  3657 | D:5      | Found a runed translucent gate.
  3658 | D:5      | Found a runed translucent gate.
  3658 | D:5      | Noticed waltergilman's ghost (novice HOFi)
  3659 | D:5      | Found a runed translucent gate.
  3948 | D:5      | Reached skill level 5 in Polearms
  4589 | D:6      | Reached skill level 1 in Bows
  4612 | D:6      | Reached skill level 5 in Armour
  4681 | D:6      | Reached XP level 9. HP: 55/55 MP: 10/10
  5290 | D:6      | Noticed a deep elf mage
  5310 | D:6      | Killed a deep elf mage
  5527 | D:7      | Found a staircase to the Ecumenical Temple.
  5584 | D:7      | Got an opal-encrusted leather armour
  5606 | D:7      | Identified the +4 leather armour of Oblivion {rElec Regen+
                  | Slay+2} (You found it on level 7 of the Dungeon)
  5607 | Temple   | Entered the Ecumenical Temple
  5749 | Temple   | Became a worshipper of the Shining One
  5749 | Temple   | Reached * piety under the Shining One
  5749 | Temple   | Reached ** piety under the Shining One
  5906 | D:7      | Reached XP level 10. HP: 22/63 MP: 11/11
  6198 | D:7      | Reached skill level 5 in Bows
  6326 | D:7      | Noticed Joseph
  6345 | D:7      | Killed Joseph
  6721 | D:7      | Found a bloodstained altar of Trog.
  6726 | D:7      | Found a white marble altar of Elyvilon.
  6733 | D:7      | Found a shattered altar of Ashenzari.
  6738 | D:7      | Found a hazy altar of Hepliaklqana.
  6749 | D:7      | Found a glowing silver altar of Zin.
  6756 | D:7      | Found an ornate altar of the Wu Jian Council.
  6765 | D:7      | Found an opulent altar of Gozag.
  6968 | D:8      | Found Moil's Lightly-Used Armoury.
  6977 | D:8      | Bought a -2 bardiche for 1 gold piece
  6977 | D:8      | Bought a -2 triple crossbow for 1 gold piece
  6980 | D:8      | Bought a -1 double sword for 130 gold pieces
  6980 | D:8      | Bought a -3 executioner's axe for 1 gold piece
  6980 | D:8      | Bought a -2 quick blade for 65 gold pieces
  7076 | D:8      | Found a shattered altar of Ashenzari.
  7210 | D:8      | Found Heaqablaule's Assorted Antiques.
  7210 | D:8      | Found a runed translucent gate.
  7210 | D:8      | Found a runed translucent gate.
  7210 | D:8      | Found a runed translucent gate.
  7215 | D:8      | Reached *** piety under the Shining One
  7232 | D:8      | Found a staircase to the Lair.
  7333 | D:8      | Found a runed translucent door.
  7371 | D:8      | Found a runed translucent door.
  7373 | D:8      | Found a runed translucent door.
  7543 | D:8      | Bought a potion of curing for 96 gold pieces
  7602 | D:8      | Reached skill level 5 in Throwing
  7701 | D:8      | Noticed hehateme's ghost (novice GnFi)
  7772 | D:8      | Reached **** piety under the Shining One
  7970 | D:9      | Noticed Grum
  8194 | D:8      | Reached XP level 11. HP: 21/69 MP: 12/12
  8428 | D:9      | Killed Grum
  8549 | D:9      | Noticed Prince Ribbit
  8579 | D:9      | Found a staircase to the Orcish Mines.
  8651 | D:9      | Killed Prince Ribbit
  8698 | D:9      | Noticed a two-headed ogre
  8709 | D:9      | Killed a two-headed ogre
  9392 | D:10     | Entered Level 10 of the Dungeon
  9771 | D:10     | Noticed a two-headed ogre
  9809 | D:10     | Killed a two-headed ogre
 10655 | Lair:1   | Entered Level 1 of the Lair of Beasts
 11230 | Lair:1   | Reached ***** piety under the Shining One
 11267 | Lair:1   | Reached skill level 10 in Polearms
 11283 | Lair:1   | Reached XP level 12. HP: 37/77 MP: 13/13
 11358 | Lair:1   | Reached skill level 1 in Invocations
 11882 | Lair:1   | Reached skill level 10 in Fighting
 12147 | Lair:1   | Reached skill level 1 in Evocations
 12569 | Lair:2   | You fall into a shaft and drop 2 floors!
 12624 | Lair:4   | HP: 2/77 [steam dragon/ball of steam (24)]
 12625 | Lair:4   | The Shining One protects you from harm!
 12627 | Lair:4   | Killed from afar by a rime drake

Illustrated notes

Levels and vault maps discovered:
D:1:      matt_arrival_diagonals, layout_basic
D:2:      layout_loops_ring, uniq_jessica
D:3:      layout_basic, uniq_sigmund
D:4:      layout_cave_pods
D:5:      layout_gridville, gammafunk_ghost_nasty_kobolds, first_ration,
          corexii_leaking_fountain, grunt_decor_fettered, lemuel_flamethrower_2
D:6:      layout_cave_pools, guppyfry_early_elven_hall
D:7:      layout_basic, grunt_temple_overflow_octagram,
          minmay_temple_entry_butterflies, grunt_livestock, uniq_joseph
D:8:      minmay_the_grid_triangle_9x9_rhombus_full
          [minmay_the_grid_triangle_9x9_impossible_snake,
          minmay_the_grid_triangle_9x9_sprig,
          minmay_the_grid_triangle_9x9_minimal,
          minmay_the_grid_triangle_9x9_subtriangle,
          minmay_the_grid_triangle_9x9_tough_junction,
          minmay_the_grid_triangle_9x9_longest,
          minmay_the_grid_triangle_9x9_windchime,
          minmay_the_grid_triangle_9x9_prize_center], layout_gridville,
          gammafunk_ghost_spectres, basic_altar, serial_shops, shop,
          serial_undead, serial_undead_e, serial_undead_c, serial_undead_d,
          serial_undead_a, minmay_shop_damaged
D:9:      kennysheep_ambush_hall, layout_cave_pools, orc_0_dummy, uniq_grum,
          uniq_prince_ribbit1
D:10:     layout_roguey, minivault_14, minivault_25_ag
Temple:   regret_index_temple_waves
Lair:1:   minmay_lair_venomous_thicket, layout_misc_corridors,
          grunt_megastairs_2, infiniplex_staircase_pool_2
Lair:2:   layout_cave_shapes, spider_nest_entry_web_field,
          cheibrodos_lair_caveside_slide, kennysheep_rathole
Lair:4:   beast_lair_carwin_large_4, layout_regular_city, shoals_dummy_entry,
          portal_ice_cave_rime, bobbens_dragon_lair_wall

Skill      XL: |  1  2  3  4  5  6  7  8  9 10 11 12 |
---------------+-------------------------------------+-----
Throwing       | 1 2 3 4 5 |  5.8
Armour         | 1 2 3 4 5 6 7 8 |  8.2
Dodging        | 4 5 6 7 8 |  8.9
Polearms       | 4 5 7 8 10 | 10.5
Fighting       | 4 5 6 7 8 9 10 | 10.2
Bows           | 2 4 6 8 9 |  9.1
Invocations    | 2 |  2.7
Evocations     | 1 |  1.5
Stealth        | |  2.0

Action                   |  1- 3 |  4- 6 |  7- 9 | 10-12 || total
-------------------------+-------+-------+-------+-------++-------
Melee: Spear             |    87 |    71 |   152 |    87 ||   397
       Kick              |    12 |    31 |    87 |   184 ||   314
       Peck              |    16 |    19 |    43 |   116 ||   194
       Scythe            |       |    51 |   143 |    68 ||   262
       Halberd           |       |       |       |   331 ||   331
       Quick blade       |       |       |       |     9 ||     9
       Bardiche          |       |       |       |     6 ||     6
       Trident           |       |       |       |    98 ||    98
 Fire: Shortbow          |       |       |    69 |   115 ||   184
Throw: Boomerang         |       |       |       |    34 ||    34
       Dart              |       |       |       |    37 ||    37
Invok: Divine Shield     |       |       |       |     7 ||     7
  Use: Potion            |     2 |     5 |     2 |     5 ||    14
       Scroll            |       |       |    12 |    13 ||    25
  Eat: Chunk             |       |     4 |     6 |    11 ||    21
       Ration            |       |       |     3 |     4 ||     7
Armor: Plate armour      |    49 |    85 |   284 |   212 ||   630
       Robe              |     2 |       |       |       ||     2
       Skin              |       |       |    11 |       ||    11
       Leather armour    |       |       |     7 |    36 ||    43
Dodge: Dodged            |     7 |    44 |   204 |   321 ||   576
Block: Other             |       |       |       |    25 ||    25
